 Dungeon Crawl Stone Soup version 0.23.2-1-ga50397a (webtiles) character file.

Game seed: 12665215160655351553

1895 TheAlmogaver the Thaumaturge (level 9, -4/65 HPs)
             Began as a Gnoll Wizard on Apr 22, 2019.
             Was an Initiate of Ashenzari.
             Shot with a bolt by an orc warrior (19 damage)
             ... in a bailey.
             The game lasted 00:44:49 (8701 turns).

TheAlmogaver the Thaumaturge (Gnoll Wizard)         Turns: 8701, Time: 00:44:50

Health: -4/65      AC:  3    Str: 10    XL:     9   Next: 15%
Magic:  7/21       EV: 15    Int: 24    God:    Ashenzari [......]
Gold:   239        SH:  6    Dex: 13    Spells: 10/24 levels left

rFire    . . .     SeeInvis .   y - staff of energy
rCold    . . .     Gourm    .   i - +1 buckler
rNeg     . . .     Faith    .   a - +0 robe
rPois    .         Spirit   .   b - +0 hat
rElec    .         Reflect  .   (no cloak)
rCorr    +         Harm     .   (no gloves)
MR       .....                  G - +0 pair of boots
Stlth    +++.......             (no amulet)
HPRegen  0.20/turn              A - ring of resist corrosion
MPRegen  0.17/turn              (no ring)

@: no status effects
A: distributed training, fangs 1, strong nose
a: Curse Item, Renounce Religion


You were in a bailey.
You worshipped Ashenzari.
Ashenzari was noncommittal.
You were hungry.

You visited 2 branches of the dungeon, and saw 9 of its levels.
You also visited: Bailey.

You collected 239 gold pieces.

Inventory:

Hand Weapons
 s - a +0 dagger of venom
Missiles
 j - 4 silver tomahawks (quivered)
 B - 73 arrows
Armour
 a - a +0 robe (worn)
 b - a +0 hat (worn)
 i - a +1 buckler (worn)
 G - a +0 pair of boots (worn)
Magical Staves
 y - an uncursed staff of energy (weapon)
Jewellery
 A - a ring of resist corrosion (left hand)
Wands
 k - a wand of paralysis (8)
 x - a wand of acid (5)
 E - a wand of disintegration (18)
 J - a wand of flame (20)
Scrolls
 c - 3 scrolls of enchant armour
 e - 4 scrolls of remove curse
 m - a scroll of fear {unknown}
 o - a scroll of fog {unknown}
 q - 4 scrolls of teleportation {unknown}
 r - a scroll of blinking {unknown}
 t - a scroll of magic mapping {unknown}
 v - a scroll of immolation {unknown}
 w - 2 scrolls of amnesia {unknown}
 z - a scroll of enchant weapon {unknown}
 H - a scroll of noise {unknown}
Potions
 f - 2 potions of haste
 g - 2 potions of might
 h - 3 potions of brilliance
 l - a potion of mutation
 n - 2 potions of cancellation {unknown}
 p - 2 potions of agility {unknown}
 u - 2 potions of heal wounds {unknown}
 C - 2 potions of degeneration {unknown}
 D - 2 potions of curing
 I - a potion of berserk rage {unknown}
Comestibles
 d - 14 rations
 F - 4 chunks of flesh


   Skills:
 + Level 3.9 Fighting
 + Level 3.9 Short Blades
 + Level 3.9 Long Blades
 + Level 3.9 Axes
 + Level 3.9 Maces & Flails
 + Level 3.9 Polearms
 + Level 3.9 Staves
 + Level 3.9 Slings
 + Level 3.9 Bows
 + Level 3.9 Crossbows
 + Level 3.9 Throwing
 + Level 3.9 Armour
 + Level 6.1 Dodging
 + Level 5.8 Stealth
 + Level 3.9 Shields
 + Level 3.9 Unarmed Combat
 + Level 8.2 Spellcasting
 + Level 3.9 Conjurations
 + Level 3.2 Hexes
 + Level 3.2 Charms
 + Level 3.9 Summonings
 + Level 3.2 Necromancy
 + Level 3.9 Translocations
 + Level 3.2 Transmutations
 + Level 3.2 Fire Magic
 + Level 3.2 Ice Magic
 + Level 3.2 Air Magic
 + Level 3.2 Earth Magic
 + Level 3.2 Poison Magic
 + Level 4.3 Invocations
 + Level 3.9 Evocations


You had 10 spell levels left.
You knew the following spells:

 Your Spells              Type           Power        Failure   Level  Hunger
a - Magic Dart            Conj           ####         1%          1    None
b - Blink                 Tloc           N/A          1%          2    None
c - Call Imp              Summ           ####....     1%          2    None
d - Conjure Flame         Conj/Fire      ####....     4%          3    None
e - Mephitic Cloud        Conj/Pois/Air  ####....     4%          3    None
f - Animate Skeleton      Necr           N/A          1%          1    None
g - Throw Flame           Conj/Fire      ####..       2%          2    None

Your spell library contained the following spells:

 Spells                   Type           Power        Failure   Level  Hunger
 Apportation              Tloc           ####..       1%          1    None
 Confusing Touch          Hex            ####..       1%          1    None
 Flame Tongue             Conj/Fire      ####.        1%          1    None
 Summon Small Mammal      Summ           ####         1%          1    None
 Slow                     Hex            ####....     2%          2    None
 Inner Flame              Hex/Fire       ####....     4%          3    None
 Sticky Flame             Conj/Fire      ####....     14%         4    None
 Bolt of Magma            Conj/Fire/Erth ####......   38%         5    None
 Fireball                 Conj/Fire      ####......   38%         5    None
 Iskenderun's Battlesphe  Conj/Chrm      ####....     38%         5    None
 Venom Bolt               Conj/Pois      ####......   38%         5    None
 Iron Shot                Conj/Erth      ####......   92%         6    None
 Orb of Destruction       Conj           ####......   100%        7    None
 Spellforged Servitor     Conj/Summ      ####......   100%        7    None


Dungeon Overview and Level Annotations

Branches:
Dungeon (8/15)             Temple (1/1) D:5
   Lair: D:8-11

Altars:
Ashenzari
Cheibriados
Dithmenos
Fedhas
Gozag
Hepliaklqana
Kikubaaqudgha
Makhleb
Nemelex Xobeh
Qazlal
Ru
Sif Muna
Trog
Uskayaw
Vehumet
Wu Jian
Xom
Yredelemnul
Zin
The Shining One

Annotations:
D:4 3 runed translucent doors, slayr's ghost, amateur SpWr


Innate Abilities, Weirdness & Mutations

Your experience applies equally to all skills.
You have very sharp teeth.
Your uncanny sense of smell can sniff out nearby items.


Message History

You see here a bolt.
There is an empty arch of ancient stone here.
Okay, then.
Okay, then.
Casting: Call Imp (safe; 1% risk of failure)
Confirm with . or Enter, or press ? or * to list all spells.
Aiming: Magic Dart (safe; 1% risk of failure)
Press: ? - help, Shift-Dir - straight line, f - orc
Aim: an orc, wielding a +0 arbalest and wearing a +0 ring mail The magic dart hits the orc but does no damage.
The orc shoots a bolt.
The bolt completely misses you.
Casting: Magic Dart (safe; 1% risk of failure)
Confirm with . or Enter, or press ? or * to list all spells.
Aiming: Magic Dart (safe; 1% risk of failure)
Press: ? - help, Shift-Dir - straight line, f/p - orc
Aim: an orc, wielding a +0 arbalest and wearing a +0 ring mail The magic dart hits the orc.
The orc is lightly wounded.
The orc warrior shoots a bolt.
The bolt hits you!!
You die...

......≈ .^. ≈.....
#......≈##.##≈.....
#......≈≈#)#≈≈.....
#.......≈≈≈≈≈......
#.....(..o.........
#(........(........
#........o.o(......
#.......(..(.......
#.@(.(..(((........
#∩..(.((...........
###################


You could see an orc warrior and an orc.

Vanquished Creatures
  A hippogriff (D:8)
  A water moccasin (D:2)
  A phantom (D:5)
  2 orc warriors
  2 ogres (D:7)
  A centaur (D:6)
  A scorpion (D:7)
  2 crimson imps (D:5)
  A hound (D:4)
  2 orc priests
  A centaur skeleton (D:6)
  Natasha (D:2)
  A worker ant (D:5)
  7 adders
  2 shadow imps
  3 oozes
  2 worms (D:3)
  A dart slug (D:1)
  6 leopard geckos
  12 orcs
  4 giant cockroaches
  8 hobgoblins
  4 jackals
  9 kobolds
  2 quokkas
  17 bats
  5 frilled lizards
  13 goblins
  A quokka skeleton (D:5)
  6 rats
119 creatures vanquished.

Vanquished Creatures (collateral kills)
  Sigmund (D:6)
  Edmund (D:6)
  Duvessa (D:5)
  An orc warrior (D:6)
  2 sky beasts
  2 ogres (D:7)
  A centaur (D:5)
  Dowan (D:5)
  A crimson imp (D:7)
  3 orc priests
  A centaur skeleton (D:7)
  Natasha (D:2)
  5 worker ants
  A worker ant zombie (D:5)
  An adder (D:3)
  A shadow imp (D:2)
  An adder zombie (D:6)
  2 worms
  6 orcs
  A bat (D:3)
  A goblin (D:8)
  A ball python (D:6)
  A kobold (D:3)
  A rat (D:3)
38 creatures vanquished.

Vanquished Creatures (others)
  An ogre (D:5)
  A hound (D:5)
  A leopard gecko (D:5)
  A giant cockroach (D:5)
  A frilled lizard (D:5)
5 creatures vanquished.

Grand Total: 162 creatures vanquished

Notes
Turn   | Place    | Note
-------+----------+-------------------------------------------
     0 | D:1      | TheAlmogaver the Gnoll Wizard began the quest for the Orb.
     0 | D:1      | Reached XP level 1. HP: 13/13 MP: 8/8
   144 | D:1      | Reached XP level 2. HP: 19/19 MP: 5/10
   364 | D:1      | Reached XP level 3. HP: 25/25 MP: 0/11
   368 | D:1      | Learned a level 2 spell: Blink
   371 | D:1      | Learned a level 2 spell: Call Imp
   375 | D:1      | Learned a level 3 spell: Conjure Flame
   379 | D:1      | Learned a level 3 spell: Mephitic Cloud
  1133 | D:2      | Reached skill level 1 in Invocations
  1184 | D:2      | Noticed a water moccasin
  1196 | D:2      | Killed a water moccasin
  1196 | D:2      | Reached skill level 1 in Fighting
  1196 | D:2      | Reached skill level 1 in Short Blades
  1196 | D:2      | Reached skill level 1 in Long Blades
  1196 | D:2      | Reached skill level 1 in Axes
  1196 | D:2      | Reached skill level 1 in Maces & Flails
  1196 | D:2      | Reached skill level 1 in Polearms
  1196 | D:2      | Reached skill level 1 in Staves
  1196 | D:2      | Reached skill level 1 in Slings
  1196 | D:2      | Reached skill level 1 in Bows
  1196 | D:2      | Reached skill level 1 in Crossbows
  1196 | D:2      | Reached skill level 1 in Throwing
  1196 | D:2      | Reached skill level 1 in Armour
  1196 | D:2      | Reached skill level 1 in Shields
  1196 | D:2      | Reached skill level 1 in Unarmed Combat
  1196 | D:2      | Reached skill level 1 in Hexes
  1196 | D:2      | Reached skill level 1 in Charms
  1196 | D:2      | Reached skill level 1 in Necromancy
  1196 | D:2      | Reached skill level 1 in Transmutations
  1196 | D:2      | Reached skill level 1 in Fire Magic
  1196 | D:2      | Reached skill level 1 in Ice Magic
  1196 | D:2      | Reached skill level 1 in Air Magic
  1196 | D:2      | Reached skill level 1 in Earth Magic
  1196 | D:2      | Reached skill level 1 in Poison Magic
  1196 | D:2      | Reached skill level 1 in Evocations
  1196 | D:2      | Reached XP level 4. HP: 25/32 MP: 0/13
  1196 | D:2      | Reached XP level 5. HP: 29/37 MP: 0/14
  1624 | D:2      | Noticed a sky beast
  1677 | D:2      | Killed a sky beast
  2299 | D:2      | Noticed Natasha
  2310 | D:2      | Killed Natasha
  2310 | D:2      | Reached XP level 6. HP: 31/44 MP: 4/16
  2489 | D:2      | Noticed Natasha
  2492 | D:2      | Killed Natasha
  3022 | D:3      | Learned a level 1 spell: Animate Skeleton
  3085 | D:3      | Reached skill level 5 in Dodging
  4003 | D:4      | Found a hide-covered altar of Uskayaw.
  4216 | D:4      | Found a runed translucent gate.
  4217 | D:4      | Found a runed translucent gate.
  4217 | D:4      | Found a runed translucent gate.
  4218 | D:4      | Noticed slayr's ghost (amateur SpWr)
  4244 | D:4      | Found a snail-covered altar of Cheibriados.
  4379 | D:5      | Entered Level 5 of the Dungeon
  4436 | D:5      | Noticed a sky beast
  4463 | D:5      | Killed a sky beast
  4463 | D:5      | Reached XP level 7. HP: 50/50 MP: 4/18
  4605 | D:5      | Found a staircase to the Ecumenical Temple.
  4632 | Temple   | Entered the Ecumenical Temple
  4869 | Temple   | Became a worshipper of Ashenzari the Shackled
  4972 | D:5      | Found a stormy altar of Qazlal.
  5084 | D:5      | Found a hazy altar of Hepliaklqana.
  5111 | D:5      | Noticed Duvessa
  5113 | D:5      | Noticed Dowan
  5125 | D:5      | Killed Duvessa
  5131 | D:5      | Found a shimmering altar of Xom.
  5685 | D:5      | Killed Dowan
  5929 | D:5      | Found an opulent altar of Gozag.
  5969 | D:5      | Found a deep blue altar of Sif Muna.
  6077 | D:5      | Found an ornate altar of the Wu Jian Council.
  6405 | D:5      | Reached skill level 5 in Stealth
  6856 | D:6      | Reached XP level 8. HP: 50/57 MP: 11/19
  7152 | D:6      | Noticed Sigmund
  7160 | D:6      | Killed Sigmund
  7546 | D:6      | Learned a level 2 spell: Throw Flame
  7590 | D:6      | Noticed Edmund
  7606 | D:6      | Killed Edmund
  7923 | D:7      | Reached skill level 8 in Spellcasting
  7952 | D:7      | Found a bloodstained altar of Trog.
  8228 | D:7      | Reached XP level 9. HP: 63/65 MP: 7/21
  8344 | D:7      | Found a radiant altar of Vehumet.
  8644 | D:8      | Found a flagged portal.
  8654 | Bailey   | Entered a bailey
  8701 | Bailey   | Shot with a bolt by an orc warrior

Skill      XL: |  1  2  3  4  5  6  7  8  9 |
---------------+----------------------------+-----
Conjurations   | 2 3 |  3.9
Summonings     | 2 3 |  3.9
Translocations | 2 3 |  3.9
Invocations    | 1 2 3 4 |  4.3
Fighting       | 1 2 3 |  3.9
Short Blades   | 1 2 3 |  3.9
Long Blades    | 1 2 3 |  3.9
Axes           | 1 2 3 |  3.9
Maces & Flails | 1 2 3 |  3.9
Polearms       | 1 2 3 |  3.9
Staves         | 1 2 3 |  3.9
Slings         | 1 2 3 |  3.9
Bows           | 1 2 3 |  3.9
Crossbows      | 1 2 3 |  3.9
Throwing       | 1 2 3 |  3.9
Armour         | 1 2 3 |  3.9
Shields        | 1 2 3 |  3.9
Unarmed Combat | 1 2 3 |  3.9
Hexes          | 1 2 3 |  3.2
Charms         | 1 2 3 |  3.2
Necromancy     | 1 2 3 |  3.2
Transmutations | 1 2 3 |  3.2
Fire Magic     | 1 2 3 |  3.2
Ice Magic      | 1 2 3 |  3.2
Air Magic      | 1 2 3 |  3.2
Earth Magic    | 1 2 3 |  3.2
Poison Magic   | 1 2 3 |  3.2
Evocations     | 1 2 3 |  3.9
Dodging        | 5 6 |  6.1
Stealth        | 5 |  5.8
Spellcasting   | 8 |  8.2

Action                   |  1- 3 |  4- 6 |  7- 9 || total
-------------------------+-------+-------+-------++-------
Melee: Whip              |       |    10 |       ||    10
       Bite              |       |     2 |     7 ||     9
       Staff             |       |       |    35 ||    35
Throw: Tomahawk          |       |     8 |       ||     8
 Cast: Magic Dart        |    80 |   150 |   127 ||   357
       Call Imp          |     2 |    33 |    85 ||   120
       Mephitic Cloud    |       |     4 |    28 ||    32
       Animate Skeleton  |       |     5 |    15 ||    20
       Conjure Flame     |       |     1 |       ||     1
       Blink             |       |       |     9 ||     9
       Throw Flame       |       |       |     6 ||     6
Evoke: Wand              |       |       |     4 ||     4
  Use: Scroll            |       |     1 |     5 ||     6
 Stab: Confused          |       |     1 |     2 ||     3
       Distracted        |       |       |     3 ||     3
  Eat: Chunk             |     1 |     9 |     6 ||    16
       Ration            |       |       |     2 ||     2
Armor: Robe              |     3 |     5 |     6 ||    14
Dodge: Dodged            |     8 |    41 |    78 ||   127
Block: Buckler           |     1 |    10 |    29 ||    40
